Map: Dusk Towers

Players

blackxored

  • Race: Zerg Zerg
  • League: Platinum

CroToss

  • Race: Terran Terran
  • League: Diamond

VOD

Have the link to the VOD?

Description

Time

  • Played on: June 25, 2016, 1:33 p.m.
  • Length: 9:45
Show
View Real Time Build Order
Export as new Build Order

blackxored Zerg 

Build Orders: Hatch First 

Get SALT Encoding   

  12  0:01  Drone  
  13  0:09  Drone  
  14  0:19  Overlord  
  14  0:25  Extractor, Drone  
  15  0:40  Drone x2  
  17  0:56  Hatchery  
  16  0:58  Drone  
  16  0:59  Drone  
  18  1:12  Extractor  
  18  1:15  Spawning Pool  
  18  1:16  Drone  
  17  1:20  Drone  
  18  1:27  Drone  
  19  1:42  Drone  
  20  2:01  Overlord x2  
  20  2:10  Queen x2  
  20  2:11  Zergling x4  
  26  2:17  Metabolic Boost  
  26  2:27  Zergling x4  
  28  2:41  Hatchery  
  27  2:52  Pneumatized Carapace  
  27  2:58  Drone x4  
  30  3:00  Drone  
  30  3:04  Drone  
  33  3:12  Drone x2  
  35  3:24  Roach Warren  
  34  3:33  Drone x5  
  39  3:34  Drone  
  39  3:38  Drone  
  39  3:39  Extractor  
  39  3:41  Drone  
  41  3:45  Drone  
  41  3:46  Drone  
  43  3:58  Drone x3  
  46  4:18  Spore Crawler  
  46  4:20  Overlord x4  
  45  4:24  Spore Crawler  
  45  4:28  Spine Crawler  
  45  4:29  Spore Crawler  
  42  4:37  Lair  
  42  4:39  Drone x2  
  42  4:41  Roach x3  
  42  4:43  Roach  
  42  4:44  Spore Crawler  
  51  4:52  Overlord  
  51  5:06  Roach  
  51  5:07  Roach x6  
  57  5:10  Ravager x2  
  64  5:38  Overseer  
  64  5:39  Drone x3  
  64  5:42  Overlord  
  67  5:59  Drone x7  
  67  6:00  Drone  
  67  6:01  Drone  
  76  6:09  Evolution Chamber x2  
  76  6:10  Drone x3  
  77  6:14  Baneling Nest  
  77  6:15  Drone  
  77  6:16  Drone x4  
  81  6:33  Hatchery  
  81  6:34  Drone x2  
  81  6:36  Overlord x3  
  82  6:47  Hatchery  
  76  7:39  Drone x4  
  81  7:44  Zergling x20  
  81  7:45  Zergling x2  
  81  7:47  Ravager x3  
  81  7:49  Zerg Melee Weapons Level 1, Centrifical Hooks, Zerg Ground Armor Level 1  
  94  7:54  Queen  
  94  7:55  Zergling x6  
  99  8:04  Baneling  
  99  8:05  Baneling x4  
  99  8:06  Baneling x3  
  99  8:07  Drone x2  
  99  8:08  Drone x6  
  99  8:12  Extractor x2  
  107  8:23  Extractor  
  107  8:27  Extractor  
  93  8:36  Zergling x24  
  105  8:47  Hatchery  
  104  8:49  Drone x3  
  104  8:55  Drone x2  
  109  8:59  Drone  
  109  9:01  Drone  
  111  9:06  Overlord x7  
Show
View Real Time Build Order
Export as new Build Order

CroToss Terran 

Build Orders: MMM Bio 

Get SALT Encoding   

  12  0:00  SCV  
  13  0:12  SCV  
  14  0:18  Supply Depot  
  14  0:24  SCV  
  15  0:39  SCV  
  16  0:43  Barracks  
  16  0:48  Refinery  
  16  0:51  SCV  
  17  1:03  SCV  
  18  1:15  SCV  
  19  1:28  SCV  
  20  1:33  Barracks Reactor  
  20  1:40  Orbital Command  
  20  1:48  Command Center  
  20  1:58  Supply Depot  
  20  2:00  Refinery  
  20  2:10  Marine x2  
  22  2:19  Factory  
  22  2:26  SCV  
  23  2:39  SCV  
  23  2:41  Marine  
  23  2:42  Marine  
  26  2:49  Barracks  
  26  2:51  SCV  
  27  3:03  SCV  
  28  3:06  Starport, Widow Mine  
  30  3:17  Marine x2  
  32  3:22  Supply Depot  
  32  3:29  SCV  
  32  3:30  Orbital Command  
  33  3:34  Supply Depot  
  33  3:38  Barracks Tech Lab  
  33  3:41  SCV  
  33  3:47  Factory Reactor  
  34  3:50  Medivac  
  34  3:53  SCV  
  37  3:56  SCV  
  38  4:05  SCV  
  38  4:09  SCV  
  40  4:13  Stimpack  
  40  4:14  Marine x2  
  40  4:16  Marauder  
  44  4:18  SCV  
  44  4:19  Supply Depot  
  44  4:21  SCV  
  46  4:38  Supply Depot  
  46  4:39  Marine x2  
  46  4:40  Factory Tech Lab, SCV  
  46  4:43  Command Center  
  46  4:45  SCV  
  50  4:50  Marine  
  50  4:52  SCV  
  52  4:57  Marine, SCV  
  54  5:01  Marine  
  55  5:08  SCV  
  55  5:09  Supply Depot, SCV  
  55  5:11  Liberator  
  57  5:14  Engineering Bay  
  57  5:16  Engineering Bay  
  57  5:20  Marine  
  57  5:21  Liberator  
  58  5:22  SCV x2  
  58  5:25  Refinery  
  58  5:27  Refinery, Marine  
  63  5:34  Marine  
  60  5:38  Marine  
  60  5:40  SCV x2  
  66  5:48  Terran Infantry Weapons Level 1, Terran Infantry Armor Level 1  
  66  5:52  SCV  
  66  5:53  SCV  
  68  5:59  Orbital Command  
  68  6:07  Marine x2, Barracks  
  68  6:11  Medivac  
  72  6:13  SCV x2  
  72  6:14  Combat Shields  
  74  6:18  Supply Depot  
  74  6:24  Medivac  
  74  6:25  SCV x2  
  79  6:29  Orbital Command  
  79  6:37  SCV x2  
  79  6:38  Marine, Marauder  
  83  6:46  Barracks  
  83  6:47  Barracks  
  83  7:13  Marine x2  
  83  7:14  Marine, Marauder  
  88  7:19  SCV x3  
  88  7:31  Marine, SCV  
  88  7:32  Medivac x2  
  88  7:35  Marauder  
  96  7:40  Marine x3  
  96  7:43  Siege Tank, SCV  
  96  7:44  SCV x2  
  102  7:48  Supply Depot  
  102  7:49  Marine x2  
  102  7:50  Supply Depot  
  104  7:56  SCV x3  
  104  7:57  Marauder  
  109  8:00  Armory  
  109  8:09  Marine x4, Medivac x2  
  109  8:11  Marine  
  118  8:18  Marauder  
  119  8:27  Marine  
  117  8:37  Barracks Tech Lab x2  
  117  8:38  Barracks Reactor  
  117  8:39  Marauder  
  119  8:44  Marine  
  119  8:45  Marine  
  119  8:46  SCV x2  
  119  8:47  SCV  
  124  8:51  Command Center  
  124  8:52  Refinery  
  124  8:53  Refinery  
  124  8:58  SCV  
  125  9:09  Supply Depot x2  
  125  9:12  Supply Depot  
  125  9:30  SCV x2  
  133  9:33  Supply Depot  
Tags
 
Composition
MMM Bio
Matchup
TvZ
Add a new tag
Caveats
  • Supply blocks, unpowered buildings, or Contaminate may cause inaccurate times.
  • Supply counts are checked every 10 seconds.